 Dungeon Crawl Stone Soup version 0.29.1-12-g30fa7ad0bf (webtiles) character file.

Game seed: 3895036612983595335

77 xzight the Grasshopper (level 4, -5/38 HPs)
             Began as a Gnoll Warper on Dec 30, 2022.
             Slain by Robin
             ... wielding a +4 short sword
              (6 damage)
             ... on level 2 of the Dungeon.
             The game lasted 00:01:38 (1487 turns).

xzight the Grasshopper (Gnoll Warper)               Turns: 1487, Time: 00:01:39

Health: -5/38      AC:  3    Str: 16    XL:     4   Next: 33%
Magic:  11/11      EV: 13    Int: 15    God:
Gold:   51         SH:  0    Dex: 11    Spells: 13/13 levels left

rFire   . . .      SeeInvis .   a - +0 spear
rCold   . . .      Faith    .   (no shield)
rNeg    . . .      Spirit   .   b - +0 leather armour
rPois   .          Reflect  .   (no helmet)
rElec   .          Harm     .   (no cloak)
rCorr   .          Rampage  .   (no gloves)
Will    .....                   (no boots)
Stlth   +.........              (no amulet)
HPRegen 0.12/turn               S - +6 ring of strength
MPRegen 0.12/turn               (no ring)

@: no status effects
A: fangs 1, strong nose, distributed training
a: no special abilities


You were on level 2 of the Dungeon.
You visited 1 branch of the dungeon, and saw 2 of its levels.

You collected 51 gold pieces.


Innate Abilities, Weirdness & Mutations

You have very sharp teeth.
Your uncanny sense of smell can sniff out nearby items.
Your experience applies equally to all skills.


   Skills:
 + Level 4.6 Fighting
 + Level 1.1 Short Blades
 + Level 1.1 Long Blades
 + Level 1.1 Axes
 + Level 1.1 Maces & Flails
 + Level 4.6 Polearms
 + Level 1.1 Staves
 + Level 1.1 Ranged Weapons
 + Level 2.7 Throwing
 + Level 2.7 Armour
 + Level 4.6 Dodging
 + Level 1.1 Stealth
 + Level 1.1 Shields
 + Level 1.1 Unarmed Combat
 + Level 5.1 Spellcasting
 + Level 0.9 Conjurations
 + Level 0.9 Hexes
 + Level 0.9 Summonings
 + Level 0.9 Necromancy
 + Level 5.4 Translocations
 + Level 0.9 Transmutations
 + Level 0.9 Fire Magic
 + Level 0.9 Ice Magic
 + Level 0.9 Air Magic
 + Level 0.9 Earth Magic
 + Level 0.9 Poison Magic
 + Level 1.2 Invocations
 + Level 1.1 Evocations


You had 13 spell levels left.
You didn't know any spells.
Your spell library contained the following spells:

 Spells                   Type           Power      Damage    Failure   Level
 Blink                    Tloc           40%        N/A       3%          2
 Gell's Gravitas          Tloc           20%        N/A       6%          3
 Lesser Beckoning         Tloc           20%        N/A       6%          3
 Teleport Other           Tloc           20%        N/A       6%          3
 Summon Small Mammal      Summ           24%        N/A       13%         1
 Sublimation of Blood     Necr           6%         N/A       21%         2
 Call Canine Familiar     Summ           6%         N/A       36%         3
 Summon Guardian Golem    Hex/Summ       6%         N/A       36%         3
 Manifold Assault         Tloc           20%        N/A       50%         5
 Petrify                  Tmut/Erth      6%         N/A       78%         4
 Irradiate                Conj/Tmut      3%         3d12      98%         5

Inventory:

Hand Weapons
 a - a +0 spear (weapon)
Missiles
 d - 7 boomerangs of dispersal (quivered) {=f}
Armour
 b - a +0 leather armour (worn)
 h - a +0 helmet
Jewellery
 C - a ring of ice
 S - a +6 ring of strength (left hand)
Scrolls
 c - a scroll of blinking
 e - 2 scrolls of summoning {unknown}
 f - 2 scrolls of amnesia {unknown}
 g - a scroll of fear {unknown}
 j - a scroll of teleportation {unknown}
Potions
 i - 2 potions of curing {unknown}

Dungeon Overview and Level Annotations

Branches:
Dungeon (2/15)

Altars:

Annotations:
D:2 Robin

.......▒.#..#..#.▒#.........
######.'▒▒▒▒⚑▒▒▒▒)÷...#.####
##▒.#..#..#.▒....#.#
▒.#..#..#.▒......#
▒....#....▒#...###
▒.........▒#...# ∆
▒▒▒▒▒▒▒▒▒▒▒#...######.#
......gg)...........#
.......@............#
#......g.g..........#
.#..######...########
....######...## #
#.....†....# #.#.###.....#
###.....# #.......#
#.#.....#


You could see Robin, a hobgoblin (strong) and 2 goblins.


Message History

* * * LOW HITPOINT WARNING * * *
You are too injured to fight recklessly!
You are too injured to fight recklessly!
You are too injured to fight recklessly!
You are too injured to fight recklessly!
You hit Robin but do no damage.
Robin is lightly wounded.
A hobgoblin comes into view.
The goblin misses you. Robin hits you with a +4 short sword.
* * * LOW HITPOINT WARNING * * *
The goblin hits you but does no damage.
You puncture Robin!
Robin is heavily wounded.
The goblin closely misses you. Robin hits you with a +4 short sword.
* * * LOW HITPOINT WARNING * * *
The goblin closely misses you.
A goblin comes into view. It is wielding a +0 dagger.
You hit Robin.
Robin is severely wounded.
You barely miss Robin.
Robin is severely wounded.
The goblin closely misses you. The goblin hits you with a +0 dagger.
* * * LOW HITPOINT WARNING * * *
Robin throws the goblin at you!
You hit Robin. Your bite misses Robin.
Robin is severely wounded.
The goblin misses you. The goblin hits you with a +0 dagger.
* * * LOW HITPOINT WARNING * * *
Robin hits you with a +4 short sword.
You die...

Skill      XL: |  1  2  3 |
---------------+----------+-----
Spellcasting   | 5 |  5.1
Invocations    | 1 |  1.2
Short Blades   | 1 |  1.1
Long Blades    | 1 |  1.1
Axes           | 1 |  1.1
Maces & Flails | 1 |  1.1
Staves         | 1 |  1.1
Ranged Weapons | 1 |  1.1
Stealth        | 1 |  1.1
Shields        | 1 |  1.1
Unarmed Combat | 1 |  1.1
Evocations     | 1 |  1.1
Fighting       | |  4.6
Polearms       | |  4.6
Throwing       | |  2.7
Armour         | |  2.7
Dodging        | |  4.6
Conjurations   | |  0.9
Hexes          | |  0.9
Summonings     | |  0.9
Necromancy     | |  0.9
Translocations | |  5.4
Transmutations | |  0.9
Fire Magic     | |  0.9
Ice Magic      | |  0.9
Air Magic      | |  0.9
Earth Magic    | |  0.9
Poison Magic   | |  0.9

Action                   |  1- 3 |  4- 6 || total
-------------------------+-------+-------++-------
Melee: Spear             |   133 |    43 ||   176
       Bite              |    11 |     5 ||    16
 Stab: Sleeping          |     4 |       ||     4
Armor: Leather armour    |    26 |     5 ||    31
Dodge: Dodged            |    66 |    32 ||    98

Levels and vault maps discovered:
D:1:      dpeg_arrival_water_temple_mockup, layout_loops_ring
D:2:      layout_loops_cross, serial_shops, shop,
          shapermc_ecumenical_altar_notcrosses, uniq_robin

Notes
Turn   | Place    | Note
-------+----------+-------------------------------------------
     0 | D:1      | xzight the Gnoll Warper began the quest for the Orb.
     0 | D:1      | Reached XP level 1. HP: 20/20 MP: 6/6
   250 | D:1      | Reached XP level 2. HP: 26/26 MP: 7/7
   576 | D:1      | Reached skill level 5 in Spellcasting
   576 | D:1      | Reached XP level 3. HP: 31/31 MP: 7/9
   857 | D:1      | Reached skill level 1 in Invocations
  1016 | D:2      | Found a faded altar of an unknown god.
  1073 | D:2      | Reached skill level 1 in Short Blades
  1073 | D:2      | Reached skill level 1 in Long Blades
  1073 | D:2      | Reached skill level 1 in Axes
  1073 | D:2      | Reached skill level 1 in Maces & Flails
  1073 | D:2      | Reached skill level 1 in Staves
  1073 | D:2      | Reached skill level 1 in Ranged Weapons
  1073 | D:2      | Reached skill level 1 in Stealth
  1073 | D:2      | Reached skill level 1 in Shields
  1073 | D:2      | Reached skill level 1 in Unarmed Combat
  1073 | D:2      | Reached skill level 1 in Evocations
  1085 | D:2      | Reached XP level 4. HP: 5/38 MP: 11/11
  1461 | D:2      | Noticed Robin
  1487 | D:2      | HP: 1/38 [goblin/+0 dagger[Robin] (5)]
  1487 | D:2      | Slain by Robin

Vanquished Creatures
  3 adders (D:2)
  7 endoplasms
  2 giant cockroaches
  8 goblins
  3 hobgoblins
  7 jackals (D:1)
  A quokka (D:1)
  5 ball pythons
  A bat (D:1)
  3 frilled lizards
  4 kobolds
44 creatures vanquished.

Table legend: (Time is in decaauts)
 A = Elapsed time spent in this place.
 B = Non-inter-level travel time spent in this place.
 C = Inter-level travel time spent in this place.
 D = Time resting spent in this place.
 E = Time spent auto-exploring this place.
 F = Levels seen in this place.
 G = Mean time per level.
                   A        B        C        D        E       F      G
               +--------+--------+--------+--------+--------+-----+--------+
         Total |   1463 |   1428 |     35 |    192 |    955 |   2 |  731.5 |
       Dungeon |   1463 |   1428 |     35 |    192 |    955 |   2 |  731.5 |
               +--------+--------+--------+--------+--------+-----+--------+

Top non-repeatable levels by time:
     D:1: 960 daAuts
     D:2: 503 daAuts

Table legend:
 A = Non-vault XP
 B = Vault XP
 C = Vault XP percentage of total XP
 D = Non-vault monster count
 E = Vault monster count
 F = Vault count percentage of total count
                 A         B        C        D         E       F
            +---------+---------+-------+---------+---------+-------
      Total |     105 |       5 |   4.5 |      41 |       3 |   6.8
            +---------+---------+-------+---------+---------+-------
        D:1 |      50 |       0 |   0.0 |      29 |       0 |   0.0
        D:2 |      55 |       5 |   8.3 |      12 |       3 |  20.0
            +---------+---------+-------+---------+---------+-------
